 Dungeon Crawl Stone Soup version 0.27.1-4-g1640c2035a (webtiles) character file.

Game seed: 13496238207989557982

191 Eitelfritz the Cutter (level 6, -3/36 HPs)
             Began as a Kobold Gladiator on Nov 1, 2021.
             Was a Believer of Uskayaw.
             Killed from afar by an orc wizard (8 damage)
             ... with a puff of flame
             ... on level 4 of the Dungeon.
             The game lasted 00:08:26 (3454 turns).

Eitelfritz the Cutter (Kobold Gladiator)            Turns: 3454, Time: 00:08:26

Health: -3/36      AC:  4    Str: 13    XL:     6   Next: 2%
Magic:  6/6        EV: 15    Int: 10    God:    Uskayaw [**....]
Gold:   120        SH:  0    Dex: 16    Spells: 5/5 levels left

rFire    . . .     SeeInvis .   a - +2 rapier
rCold    . . .     Faith    .   (shield restricted)
rNeg     . . .     Spirit   .   b - +0 leather armour
rPois    .         Reflect  .   c - +0 helmet
rElec    .         Harm     .   (no cloak)
rCorr    .         Rampage  .   (no gloves)
Will     .....                  (no boots)
Stlth    ++........             j - amulet of the acrobat
HPRegen  0.12/turn              (no ring)
MPRegen  0.10/turn              (no ring)

@: confused
A: small, no large weapons, nightstalker 3
a: Renounce Religion, Stomp, Line Pass


You were on level 4 of the Dungeon.
You worshipped Uskayaw.
Uskayaw was noncommittal.
You visited 1 branch of the dungeon, and saw 4 of its levels.

You collected 120 gold pieces.

Inventory:

Hand Weapons
 a - a +2 rapier (weapon)
 g - the +6 short sword of False Accusations {holy, rElec Str+7 Stlth-}
   (You found it on level 4 of the Dungeon)

   It has been blessed by the Shining One to cause great damage to the undead
   and demons.
   Str:       It affects your strength (+7).
   rElec:     It insulates you from electricity.
   Stlth:     It makes you less stealthy.
Missiles
 d - 3 throwing nets (quivered)
Armour
 b - a +0 leather armour (worn)
 c - a +0 helmet (worn)
Jewellery
 j - an amulet of the acrobat (around neck)
Wands
 e - a wand of charming (10)
Potions
 f - 2 potions of lignification
 h - 2 potions of degeneration {unknown}
 l - a potion of mutation {unknown}
 n - a potion of haste {unknown}
 o - 2 potions of curing {unknown}
 q - a potion of heal wounds {unknown}


   Skills:
 + Level 2.5 Fighting
 + Level 5.8 Short Blades
 + Level 2.3 Throwing
 + Level 1.2 Armour
 + Level 4.2 Dodging
 * Level 4.0 Stealth


You had 5 spell levels left.
You didn't know any spells.
Your spell library contained the following spells:

 Spells                   Type           Power      Damage    Failure   Level
 Blink                    Tloc           N/A        N/A       58%         2
 Lesser Beckoning         Tloc           0%         N/A       82%         3
 Manifold Assault         Tloc           0%         N/A       100%        5
 Borgnjor's Revivificati  Necr           0%         N/A       100%        8
 Necromutation            Tmut/Necr      0%         N/A       100%        8
 Death's Door             Necr           0%         N/A       100%        9


Dungeon Overview and Level Annotations

Branches:
Dungeon (4/15)
 Temple: D:4-7

Altars:
Nemelex Xobeh
Qazlal
Sif Muna
Uskayaw
Xom
Zin


Innate Abilities, Weirdness & Mutations

You are small and have problems with some larger weapons.
You are completely attuned to the shadows.


Message History

You hit the orc but do no damage.
The orc is lightly wounded.
The orc hits you with a +0 club.
* * * LOW HITPOINT WARNING * * *
Something hits you but does no damage.
You closely miss the orc.
The orc is lightly wounded.
The orc closely misses you.
You hit the orc.
The orc is moderately wounded.
You hear some strange, mumbled words.
You are confused.
The orc misses you.
You hit something but do no damage. Something hits you.
* * * LOW HITPOINT WARNING * * *
The orc misses you.
You hit the orc.
The orc is severely wounded.
Something hits you.
* * * LOW HITPOINT WARNING * * *
The orc misses you.
You barely miss something. Something hits you but does no damage.
The orc misses you.
Unknown command.
You bump into the rock wall.
You hear some strange, mumbled words.
Something tries to affect you, but you resist.
The orc misses you.
You bump into the rock wall.
An orc wizard appears from thin air!
Reactivating autopickup.
The orc wizard points at you and mumbles some strange words.
You are more confused.
The orc hits you with a +0 club.
* * * LOW HITPOINT WARNING * * *
Unknown command.
You hit the orc wizard but do no damage.
The orc wizard is heavily wounded.
The orc wizard gestures at you while chanting.
The puff of flame hits you!
You die...

###########
#........).
#@o)....#
#o#####.#
#.# #.#
####.## #.#
......# #.#
......#
#.##
.###..#
#..# ..#..#
##.# .....#
#.#####


You could see an orc wizard and an orc.

Vanquished Creatures
  An orc wizard (D:4)
  7 adders
  4 worms (D:2)
  3 dart slugs
  9 orcs
  6 endoplasms
  3 giant cockroaches
  8 goblins
  10 hobgoblins
  2 jackals (D:1)
  7 kobolds
  2 quokkas
  4 ball pythons
  5 bats
  3 frilled lizards
  2 rats
76 creatures vanquished.

Vanquished Creatures (others)
  2 plants (D:2)
2 creatures vanquished.

Grand Total: 78 creatures vanquished

Notes
Turn   | Place    | Note
-------+----------+-------------------------------------------
     0 | D:1      | Eitelfritz the Kobold Gladiator began the quest for the
                  | Orb.
     0 | D:1      | Reached XP level 1. HP: 12/12 MP: 1/1
    54 | D:1      | Reached XP level 2. HP: 3/17 MP: 2/2
   583 | D:1      | Reached XP level 3. HP: 21/22 MP: 3/3
   800 | D:1      | Reached skill level 5 in Short Blades
   829 | D:1      | Reached skill level 1 in Stealth
  1077 | D:2      | Reached XP level 4. HP: 23/27 MP: 4/4
  1461 | D:2      | Found a stormy altar of Qazlal.
  1806 | D:2      | Reached skill level 1 in Armour
  1809 | D:2      | Reached XP level 5. HP: 31/31 MP: 5/5
  2112 | D:3      | Found a shimmering altar of Xom.
  2505 | D:3      | Noticed an angel
  2506 | D:3      | Found a glowing silver altar of Zin.
  2813 | D:3      | Found a hide-covered altar of Uskayaw.
  2816 | D:3      | Found a shimmering blue altar of Sif Muna.
  2816 | D:3      | Found a sparkling altar of Nemelex Xobeh.
  2818 | D:3      | Became a worshipper of Uskayaw the Reveller
  2820 | D:3      | Found a stormy altar of Qazlal.
  2884 | D:3      | Reached * piety under Uskayaw
  3381 | D:4      | Identified the +6 short sword of False Accusations {holy,
                  | rElec Str+7 Stlth-}
  3433 | D:4      | Reached ** piety under Uskayaw
  3437 | D:4      | Reached XP level 6. HP: 19/36 MP: 6/6
  3454 | D:4      | Killed from afar by an orc wizard

Illustrated notes

Levels and vault maps discovered:
D:1:      psy_arrival_dodecagon, layout_rooms, st_stairs_12
D:2:      layout_rooms, basic_altar, chequers_big_river, minmay_vboxes
D:3:      layout_basic, grunt_temple_overflow_order_and_chaos_1,
          grunt_temple_overflow_open
D:4:      layout_loops_ring, uniq_blork_the_orc, uniq_menkaure, uniq_sigmund

Skill      XL: |  1  2  3  4  5 |
---------------+----------------+-----
Short Blades   | 5 |  5.8
Stealth        | 1 2 4 |  4.0
Dodging        | 4 |  4.2
Armour         | 1 |  1.2
Fighting       | |  2.5
Throwing       | |  2.3

Action                   |  1- 3 |  4- 6 || total
-------------------------+-------+-------++-------
Melee: Rapier            |    96 |   140 ||   236
  Use: Scroll            |       |     8 ||     8
 Stab: Sleeping          |     4 |    20 ||    24
       Distracted        |     1 |       ||     1
Armor: Leather armour    |    17 |    16 ||    33
Dodge: Dodged            |    86 |    99 ||   185
